 Dungeon Crawl Stone Soup version 0.30.1-4-g462c640d31 (webtiles) character file.

Game seed: 4199494771981469520

4217 wingedge the Chiller (level 9, -6/75 HPs)
             Began as a Demigod Ice Elementalist on Aug 24, 2023.
             Mangled by an unseen horror (7 damage)
             ... on level 8 of the Dungeon.
             The game lasted 00:29:11 (9076 turns).

wingedge the Chiller (Demigod Ice Elementalist)     Turns: 9076, Time: 00:29:12

Health: -6/75      AC: 14    Str:  9    XL:     9   Next: 83%
Magic:  12/18      EV: 14    Int: 28    God:
Gold:   483        SH:  0    Dex: 21    Spells: 1/16 levels left

rFire   + . .        b - +0 great sword (heavy)
rCold   x . .        (shield currently unavailable)
rNeg    + . .        p - +1 robe of the Sun {rPois Int+3 Dex+3}
rPois   +            c - +1 helmet
rElec   .            C - scarf {repulsion}
rCorr   .            (no gloves)
SInv    .            d - +0 pair of boots
Will    .....        (no amulet)
Stlth   ++           g - ring of fire
HPRegen 0.32/turn    B - ring of positive energy
MPRegen 0.16/turn

%: repel missiles
@: ice-armoured, freezing walls
A: high MP 1, forlorn, divine attributes
a: no special abilities


You were on level 8 of the Dungeon.
You visited 1 branch of the dungeon, and saw 8 of its levels.
You also visited: Sewer.

You collected 522 gold pieces.
You spent 39 gold pieces at shops.

Inventory:

Hand Weapons
 a - a +0 dagger of venom
 b - a +0 heavy great sword (weapon)
 y - a +4 dagger of flaming
Missiles
 j - 10 boomerangs
Armour
 c - a +1 helmet (worn)
 d - a +0 pair of boots (worn)
 p - the +1 robe of the Sun (worn) {rPois Int+3 Dex+3}
   (You found it on level 3 of the Dungeon)

   Int:       It affects your intelligence (+3).
   Dex:       It affects your dexterity (+3).
   rPois:     It protects you from poison.
 C - a scarf of repulsion (worn)
Magical Staves
 D - a staff of fire
Jewellery
 e - a ring of poison resistance
 g - a ring of fire (left hand)
 B - a ring of positive energy (right hand)
Scrolls
 f - a scroll of vulnerability {unknown}
 k - a scroll of fear {unknown}
 m - 3 scrolls of immolation {unknown}
 n - 5 scrolls of blinking {unknown}
 o - 5 scrolls of identify {unknown}
 u - a scroll of brand weapon
 v - a scroll of summoning
 w - 3 scrolls of teleportation {unknown}
 x - 3 scrolls of poison {unknown}
 z - a scroll of amnesia {unknown}
 E - a scroll of torment {unknown}
Potions
 h - 9 potions of flight
 i - 2 potions of mutation {unknown}
 l - 5 potions of curing
 q - a potion of might {unknown}
 r - 4 potions of magic
 s - 2 potions of haste {unknown}
 t - a potion of cancellation {unknown}
 A - a potion of attraction {unknown}


   Skills:
 + Level 6.0 Fighting
 + Level 5.0 Long Blades
 + Level 4.2 Dodging
 - Level 2.0 Stealth
 + Level 4.1 Spellcasting
 - Level 6.0 Summonings
 - Level 6.0 Ice Magic
 + Level 4.2 Air Magic


You had one spell level left.
You knew the following spells:

 Your Spells              Type           Power      Damage    Failure   Level
a - Freeze                Ice            100%       1d10      1%          1
b - Frozen Ramparts       Ice            78%        1d12      1%          3
c - Ozocubu's Armour      Ice            39%        N/A       1%          3
d - Summon Ice Beast      Ice/Summ       39%        N/A       6%          4
e - Summon Lightning Spi  Summ/Air       34%        N/A       9%          4

Your spell library contained the following spells:

 Spells                   Type           Power      Damage    Failure   Level
 Shock                    Conj/Air       68%        1d7       3%          1
 Magic Dart               Conj           20%        1d4       8%          1
 Swiftness                Air            29%        N/A       3%          3
 Static Discharge         Conj/Air       34%        2-4/arc   4%          2
 Lesser Beckoning         Tloc           10%        N/A       11%         2
 Searing Ray              Conj           10%        2d4       11%         2
 Airstrike                Air            14%        2d(3-19)  13%         4
 Dazzling Flash           Conj/Hex       10%        N/A       22%         3
 Gell's Gravitas          Tloc           5%         N/A       22%         3
 Teleport Other           Tloc           5%         N/A       22%         3
 Volatile Blastmotes      Fire/Tloc      16%        2d11      22%         3
 Fulminant Prism          Conj/Hex       2%         3d5       58%         4
 Iskenderun's Mystic Bla  Conj/Tloc      5%         2d3       58%         4
 Starburst                Conj/Fire      4%         6d3       100%        6


Dungeon Overview and Level Annotations

Branches:
Dungeon (8/15)             Temple (0/1) D:4           Sewer (visited)
   Lair: D:8-11

Shops:
D:3 !   D:4 *


Innate Abilities, Weirdness & Mutations

You have an increased reservoir of magic. (+10% MP)
You shall have no god before yourself.
Your divine heritage dramatically boosts your attributes as you level up.


Message History

You now have 483 gold pieces (gained 9).
Found a stone staircase leading up.
Found a stone staircase leading down.
Found a quarterstaff.
Found 6 stones.
Something hits you!
Deactivating autopickup; reactivate with Ctrl-A.
Something hits you! x2
Something hits you. x2
Something hits you! x2; Something hits you.
Casting: Ozocubu's Armour (safe; 1% risk of failure)
Confirm with . or Enter, or press ? or * to list all spells.
Casting: Frozen Ramparts (safe; 1% risk of failure)
Press: ? - help, Dir - look around, f - activate The walls around you are covered in ice.
The wall freezes something.
Something barely misses you.
The wall freezes something.
Something hits you!
* * * LOW HITPOINT WARNING * * *
Casting: Frozen Ramparts (safe; 1% risk of failure)
Confirm with . or Enter, or press ? or * to list all spells.
A film of ice covers your body!
The wall freezes something.
Something hits you.
* * * LOW HITPOINT WARNING * * *
The wall freezes something but does no damage.
Something hits you but does no damage.
You barely miss something.
The wall freezes something but does no damage.
Something hits you but does no damage.
The wall freezes something.
Something hits you but does no damage.
The wall freezes something.
Something hits you!
* * * LOW HITPOINT WARNING * * *
The wall freezes something.
Something hits you but does no damage.
The wall freezes something but does no damage.
Something hits you.
* * * LOW HITPOINT WARNING * * *
Okay, then.
Okay, then.
As you read the scroll of summoning, it crumbles to dust.
Wisps of shadow whirl around you...
The wall freezes something.
Something hits you!
You die...

#.......# #.......#
#.......# #.......#
###############.......##
........................
###############.Fo......
# #####.#..)..# #
...#@#.#.### ##########
#.#.# # # .#........
#...#
...................#
#.........#####.##.#
.......... #.# .#
#......### #.. .
.......## #.. ..
##.#.#... .(. ..


You could see a friendly bullfrog (summoned, wandering) and a friendly orc
(summoned, wandering).

Vanquished Creatures
  Joseph (D:7)
  Sigmund (D:4)
  A steam dragon (D:7)
  A water moccasin (D:5)
  An ice beast (D:7)
  A sky beast (D:8)
  A black bear (D:6)
  A centaur (D:7)
  A phantom (D:3)
  3 scorpions (D:5)
  A nameless horror (D:8)
  A howler monkey (D:6)
  4 hounds
  2 jellies (D:6)
  4 orc priests
  2 sleepcaps (D:7)
  3 iguanas
  6 orc wizards
  17 adders
  3 river rats (Sewer)
  2 white imps
  An ufetubus (D:7)
  4 worms
  3 dart slugs
  16 orcs
  9 endoplasms
  5 giant cockroaches
  8 goblins
  7 hobgoblins
  6 jackals
  4 quokkas
  14 ball pythons
  11 bats
  7 frilled lizards
  9 kobolds
  4 rats
165 creatures vanquished.

Vanquished Creatures (collateral kills)
  Pikel (D:7)
  Maggie (D:7)
  A steam dragon (D:8)
  A water moccasin (D:6)
  3 orc warriors
  A sky beast (D:7)
  An ice beast (D:7)
  A lemure (D:7)
  A phantom (D:7)
  A kobold brigand (D:7)
  3 howler monkeys
  A jelly (D:7)
  A gnoll bouda (D:8)
  A sleepcap (D:7)
  An orc wizard (D:7)
  5 gnolls
  2 adders
  A shadow imp (D:7)
  17 orcs
  An endoplasm (D:3)
  7 kobolds (D:7)
52 creatures vanquished.

Vanquished Creatures (others)
  A scorpion (D:7)
  A jelly (D:7)
  A gnoll (D:8)
3 creatures vanquished.

Grand Total: 220 creatures vanquished

Notes
Turn   | Place    | Note
-------+----------+-------------------------------------------
     0 | D:1      | wingedge the Demigod Ice Elementalist began the quest for
                  | the Orb.
     0 | D:1      | Reached XP level 1. HP: 14/14 MP: 5/5
   281 | D:1      | Reached XP level 2. HP: 19/20 MP: 2/7
   736 | D:2      | Reached skill level 1 in Fighting
   945 | D:2      | Reached XP level 3. HP: 15/29 MP: 4/8
  1228 | D:2      | You fall into a shaft and drop 1 floor!
  1408 | D:3      | Found Usuephuo's Distillery.
  1413 | D:3      | Bought a potion of curing for 39 gold pieces
  1488 | D:3      | Reached XP level 4. HP: 35/36 MP: 4/10
  1563 | D:3      | Learned a level 3 spell: Frozen Ramparts
  1567 | D:3      | Learned a level 3 spell: Ozocubu's Armour
  1659 | D:3      | Identified the +1 robe of the Sun {rPois Int+3 Dex+3}
  1680 | D:3      | Noticed a phantom
  1733 | D:3      | Killed a phantom
  1734 | D:3      | Reached XP level 5. HP: 30/41 MP: 3/12
  1997 | D:3      | Identified the +2 dagger of Zosuocve {freeze, Str+2}
  2440 | D:4      | Reached skill level 5 in Ice Magic
  2771 | D:4      | Reached XP level 6. HP: 48/48 MP: 7/13
  2821 | D:4      | Found a glowing drain.
  2840 | Sewer    | Entered a sewer
  2886 | Sewer    | Learned a level 4 spell: Summon Ice Beast
  3439 | Sewer    | Reached skill level 1 in Summonings
  4092 | D:4      | Found a staircase to the Ecumenical Temple.
  4212 | D:4      | Found Gozag's Platinum Reserve.
  4435 | D:4      | Noticed Sigmund
  4462 | D:4      | Killed Sigmund
  4463 | D:4      | Reached XP level 7. HP: 53/57 MP: 8/14
  4847 | D:5      | Entered Level 5 of the Dungeon
  5119 | D:5      | Reached skill level 1 in Long Blades
  5955 | D:6      | Reached skill level 1 in Air Magic
  6233 | D:6      | Reached XP level 8. HP: 63/66 MP: 5/16
  7247 | D:7      | Noticed Joseph
  7414 | D:7      | Killed Joseph
  7537 | D:6      | Learned a level 4 spell: Summon Lightning Spire
  7652 | D:7      | Reached skill level 5 in Summonings
  7663 | D:7      | Reached skill level 5 in Fighting
  7676 | D:7      | Reached XP level 9. HP: 60/74 MP: 7/18
  7890 | D:7      | Noticed Pikel
  7897 | D:7      | Killed Pikel
  8039 | D:7      | Noticed Maggie
  8049 | D:7      | Killed Maggie
  8767 | D:8      | Reached skill level 5 in Long Blades
  9075 | D:8      | HP: 1/75 [something (5)]
  9076 | D:8      | Mangled by an unseen horror

Illustrated notes

Levels and vault maps discovered:
D:1:      dpeg_arrival_orchard, layout_rooms, hellmonk_ecumenical_altar_run_dry,
          nrook_loot_triangle
D:2:      layout_basic
D:3:      layout_basic, serial_shops, shop, minmay_misc_feat_iff,
          minmay_increasing_density
D:4:      layout_layer_cave, nicolae_gozag_zags_fifth_avenue,
          minmay_temple_entry_enclosed_plants, cheibrodos_sewer_entry_bend,
          minmay_liquid_box, uniq_sigmund
D:5:      layout_gridville, lemuel_doored_altar, minmay_misc_feat_cross,
          minivault_24, minivault_1
D:6:      layout_layer_cave
D:7:      layout_loops_ring, hex_large, serial_park_tiny_2, grunt_potential,
          uniq_joseph, uniq_pikel, uniq_maggie
D:8:      layout_rooms

Skill      XL: |  1  2  3  4  5  6  7  8  9 |
---------------+----------------------------+-----
Ice Magic      | 4 5 6 |  6.0
Spellcasting   | 2 3 4 |  4.1
Dodging        | 2 4 |  4.2
Stealth        | 2 |  2.0
Fighting       | 1 2 3 4 5 6 |  6.0
Summonings     | 2 4 5 6 |  6.0
Long Blades    | 2 4 5 |  5.0
Air Magic      | 1 2 4 |  4.2

Action                     |  1- 3 |  4- 6 |  7- 9 || total
---------------------------+-------+-------+-------++-------
  Melee: Unarmed           |     5 |       |       ||     5
         Dagger            |    16 |    68 |    37 ||   121
         Great sword       |       |    14 |    47 ||    61
  Throw: Boomerang         |       |     3 |       ||     3
   Cast: Freeze            |    71 |    78 |    16 ||   165
         Ozocubu's Armour  |       |     7 |    15 ||    22
         Frozen Ramparts   |       |     9 |    14 ||    23
         Summon Ice Beast  |       |       |    15 ||    15
         Summon Lightning  |       |       |    16 ||    16
    Use: Scroll            |     1 |     2 |     1 ||     4
         Potion            |       |       |     2 ||     2
   Stab: Sleeping          |     1 |       |       ||     1
         Distracted        |       |       |     4 ||     4
 Armour: Leather armour    |    21 |     1 |       ||    22
         Robe              |     2 |    62 |    53 ||   117
  Dodge: Dodged            |    45 |   112 |    92 ||   249
         Repelled          |       |       |     1 ||     1
